 Dungeon Sprint DCSS version 0.22-a0-396-g3f858e3 (webtiles) character file.

1126 emperorscorpion the Thaumaturge (level 8, -6/48 HPs)
             Began as a Deep Elf Wizard on May 4, 2018.
             Was a Priest of Sif Muna.
             Mangled by a basilisk (8 damage)
             ... in the Dungeon (Sprint IX: "|||||||||||||||||||||||||||||").
             The game lasted 00:03:38 (510 turns).

emperorscorpion the Thaumaturge (Deep Elf Wizard)    Turns: 510, Time: 00:03:38

Health: -6/48      AC:  2    Str:  4    XL:     8   Next: 13%
Magic:  26/27      EV:  2    Int: 26    God:    Sif Muna [***...]
Gold:   0          SH:  0    Dex: 19    Spells: 25/34 levels left

rFire    . . .     SeeInvis .   p - +2 rapier (elec)
rCold    . . .     Gourm    .   (no shield)
rNeg     + + +     Faith    .   n - +0 robe
rPois    ∞         Spirit   .   o - +0 hat
rElec    .         Reflect  .   (no cloak)
rCorr    .         Harm     .   (no gloves)
MR       .....     NoTele   +   (no boots)
Stlth    ++++......             (no amulet)
HPRegen  0.16/turn              t - +3 ring of dexterity
MPRegen  0.20/turn              u - +3 ring of dexterity

@: petrified, very slightly contaminated, invisible
A: no striking features
a: Divine Energy, Channel Magic, Renounce Religion


You were in the Dungeon.
You worshipped Sif Muna.
Sif Muna was most pleased with you.
You were not hungry.

You visited 1 branch

Inventory:

Hand Weapons
 b - the +8 demon blade "Bloodbane" {slice, *Rage +Rage Stlth-}
   (You found it in the Dungeon)

   It inflicts extra damage upon your enemies.
   It lets you go berserk.
   It may make you go berserk in combat.
   It makes you less stealthy.
 c - a +0 shortbow
 p - a +2 rapier of electrocution (weapon)
Missiles
 v - 21 arrows
Armour
 n - a +0 robe (worn)
 o - a +0 hat (worn)
 q - a +0 cloak
 r - a +0 pair of gloves
 s - a +1 scale mail
Magical Staves
 a - an uncursed staff of energy
Jewellery
 t - a +3 ring of dexterity (left hand)
 u - a +3 ring of dexterity (right hand)
Wands
 m - a wand of acid (10)
Scrolls
 j - 2 scrolls of blinking
 k - 3 scrolls of remove curse
 l - 2 scrolls of amnesia
Potions
 e - 5 potions of curing
 g - a potion of haste
 h - 4 potions of magic
Comestibles
 d - a ration
 w - 8 chunks of flesh


   Skills:
 + Level 3.7 Fighting
 + Level 4.5(6.0) Short Blades
 + Level 5.6(6.2) Long Blades
 + Level 6.9 Dodging
 + Level 6.7 Stealth
 - Level 1.8 Unarmed Combat
 + Level 13.7 Spellcasting
 + Level 5.7 Conjurations
   Level 1.1 Summonings
 + Level 3.6 Translocations
 + Level 2.9 Air Magic
 + Level 3.5 Poison Magic
 + Level 2.6 Evocations


You had 25 spell levels left.
You knew the following spells:

 Your Spells              Type           Power        Failure   Level  Hunger
a - Magic Dart            Conj           ####         1%          1    None
b - Blink                 Tloc           N/A          1%          2    None
c - Conjure Flame         Conj/Fire      ####....     3%          3    None
d - Mephitic Cloud        Conj/Pois/Air  #####...     1%          3    None


Dungeon Overview and Level Annotations

Branches:
Dungeon (1/1)

Altars:
Cheibriados
Dithmenos
Elyvilon
Fedhas
Gozag
Hepliaklqana
Kikubaaqudgha
Makhleb
Nemelex Xobeh
Okawaru
Qazlal
Ru
Sif Muna
Trog
Uskayaw
Vehumet
Wu Jian
Xom
Yredelemnul
Zin
The Shining One
Beogh
Jiyva
Lugonu


Message History

The basilisk is heavily wounded.
You closely miss the basilisk.
The basilisk is heavily wounded.
The basilisk gazes at you.
You are slowing down.
Unknown command.
Unknown command.
You hit the basilisk.
The basilisk is heavily wounded.
Your limbs are stiffening.
You closely miss the basilisk.
The basilisk hisses angrily.
The basilisk is heavily wounded.
The basilisk bites you!
* * * LOW HITPOINT WARNING * * *
You have turned to stone.
The basilisk gazes at you. You resist with some effort. The basilisk bites you!
You die... ▓▓▓▓▓▓▓▓▓▓▓▓▓▓▓▓▓▓▓▓▓▓▓▓ '...)...).'.....@lYa.... ▓▓▓▓▓▓▓▓▓▓▓▓▓▓▓▓▓▓▓▓▓▓▓▓

You could see a yak, a basilisk and a soldier ant.

Vanquished Creatures
  A centaur warrior (D)
  An ice beast (D)
  A sky beast (D)
  An ogre (D)
  A centaur (D)
  A wight (D)
  2 hounds (D)
  An adder skeleton (D)
  A dart slug (D)
  2 goblins (D)
  A jackal (D)
  2 frilled lizards (D)
  A giant cockroach zombie (D)
  2 jackal skeletons (D)
  A rat (D)
19 creatures vanquished.

Notes
Turn   | Place    | Note
-------+----------+-------------------------------------------
     0 | D        | emperorscorpion the Deep Elf Wizard began the quest for the Orb.
     0 | D        | Reached XP level 1. HP: 10/10 MP: 7/7
     4 | D        | Reached skill level 5 in Spellcasting
    19 | D        | Reached skill level 6 in Spellcasting
   100 | D        | Noticed a sky beast
   103 | D        | Reached XP level 2. HP: 15/15 MP: 7/11
   128 | D        | HP: 1/22 [sky beast (6)]
   130 | D        | Killed a sky beast
   130 | D        | Reached skill level 1 in Unarmed Combat
   130 | D        | Reached skill level 10 in Spellcasting
   130 | D        | Reached XP level 3. HP: 1/20 MP: 1/16
   130 | D        | Reached XP level 4. HP: 2/24 MP: 1/18
   146 | D        | Found a roughly hewn altar of Beogh.
   146 | D        | Found a snail-covered altar of Cheibriados.
   146 | D        | Found a shadowy altar of Dithmenos.
   146 | D        | Found a white marble altar of Elyvilon.
   146 | D        | Found a blossoming altar of Fedhas.
   146 | D        | Found an opulent altar of Gozag.
   147 | D        | Found a hazy altar of Hepliaklqana.
   148 | D        | Found a viscous altar of Jiyva.
   149 | D        | Found an ancient bone altar of Kikubaaqudgha.
   150 | D        | Found a corrupted altar of Lugonu.
   151 | D        | Found a burning altar of Makhleb.
   152 | D        | Found a sparkling altar of Nemelex Xobeh.
   153 | D        | Found an iron altar of Okawaru.
   154 | D        | Found a stormy altar of Qazlal.
   155 | D        | Found a sacrificial altar of Ru.
   156 | D        | Found a deep blue altar of Sif Muna.
   157 | D        | Found a bloodstained altar of Trog.
   158 | D        | Found a hide-covered altar of Uskayaw.
   159 | D        | Found a radiant altar of Vehumet.
   160 | D        | Found an ornate altar of the Wu Jian Council.
   161 | D        | Found a shimmering altar of Xom.
   162 | D        | Found a basalt altar of Yredelemnul.
   163 | D        | Found a glowing silver altar of Zin.
   164 | D        | Became a worshipper of Sif Muna the Loreminder
   165 | D        | Found a glowing golden altar of the Shining One.
   174 | D        | Found the +8 demon blade "Bloodbane" {slice, *Rage +Rage Stlth-}
   202 | D        | Learned a level 2 spell: Blink
   206 | D        | Learned a level 3 spell: Conjure Flame
   210 | D        | Learned a level 3 spell: Mephitic Cloud
   394 | D        | Noticed an ogre
   394 | D        | Noticed a centaur
   402 | D        | Killed an ogre
   402 | D        | Reached * piety under Sif Muna
   402 | D        | Reached skill level 1 in Fighting
   402 | D        | Reached skill level 1 in Long Blades
   402 | D        | Reached skill level 5 in Dodging
   402 | D        | Reached skill level 11 in Spellcasting
   402 | D        | Reached XP level 5. HP: 29/29 MP: 15/21
   417 | D        | Reached skill level 12 in Spellcasting
   422 | D        | Reached skill level 5 in Stealth
   422 | D        | Reached skill level 1 in Poison Magic
   428 | D        | Killed a centaur
   428 | D        | Reached ** piety under Sif Muna
   428 | D        | Reached skill level 1 in Air Magic
   428 | D        | Reached XP level 6. HP: 29/35 MP: 6/23
   474 | D        | Noticed a centaur warrior
   474 | D        | Noticed an ice beast
   474 | D        | Noticed a basilisk
   474 | D        | Noticed a yak
   474 | D        | Noticed a soldier ant
   499 | D        | Killed a centaur warrior
   499 | D        | Reached *** piety under Sif Muna
   499 | D        | Reached skill level 5 in Long Blades
   499 | D        | Reached skill level 13 in Spellcasting
   499 | D        | Reached skill level 5 in Conjurations
   499 | D        | Reached XP level 7. HP: 8/41 MP: 24/26
   499 | D        | Reached XP level 8. HP: 9/46 MP: 24/27
   508 | D        | HP: 1/48 [basilisk (10)]
   510 | D        | Mangled by a basilisk

Vault maps used:
D:        linesprint

Skill      XL: |  1  2  3  4  5  6 |
---------------+-------------------+-----
Spellcasting   | 6 10 11 12 13 | 13.7
Dodging        | 3 4 5 6 |  6.9
Stealth        | 4 5 6 |  6.7
Unarmed Combat | 1 |  1.8
Conjurations   | 2 4 5 |  5.7
Fighting       | 1 3 |  3.7
Long Blades    | 1 2 5 |  5.6
Poison Magic   | 1 3 |  3.5
Translocations | 2 3 |  3.6
Air Magic      | 1 2 |  2.9
Short Blades   | 4 |  4.5
Evocations     | 2 |  2.6
Summonings     | |  1.1

Action                   |  1- 3 |  4- 6 |  7- 9 || total
-------------------------+-------+-------+-------++-------
Melee: Unarmed           |    19 |       |       ||    19
       Demon blade       |       |    19 |       ||    19
       Rapier            |       |    19 |     9 ||    28
 Cast: Magic Dart        |    18 |     6 |       ||    24
       Mephitic Cloud    |       |     4 |       ||     4
       Blink             |       |     2 |       ||     2
Evoke: Staff of energy   |       |     4 |       ||     4
  Use: Potion            |     1 |     4 |       ||     5
 Stab: Confused          |       |     1 |       ||     1
       Invisible         |       |     1 |       ||     1
Armor: Robe              |     1 |     1 |       ||     2
Dodge: Dodged            |    13 |    31 |     3 ||    47
       Rpst.: Demon blade |       |     3 |       ||     3

Table legend:
 A = Spawn XP
 B = Non-spawn XP
 C = Spawn XP percentage of total XP
 D = Spawn monster count
 E = Non-spawn monster count
 F = Spawn count percentage of total count
 G = Total turns spent on level
                    A         B        C        D         E        F      G
               +---------+---------+-------+---------+---------+-------+---------
         Total |       0 |    1609 |   0.0 |       0 |      19 |   0.0 |   510
               +---------+---------+-------+---------+---------+-------+---------
             D |       0 |    1609 |   0.0 |       0 |      19 |   0.0 |   510
               +---------+---------+-------+---------+---------+-------+---------
